 Dungeon Crawl Stone Soup version 0.29.1-13-g9f3cf754e1 (webtiles) character file.

Game seed: 11753591242594625108

102173 Svetislav95 the Warrior (level 16, -4/147 HPs)
             Began as a Human Gladiator on Jan 21, 2023.
             Was the Champion of Okawaru.
             Slain by a six-headed hydra simulacrum (38 damage)
             ... on level 4 of the Swamp.
             The game lasted 01:39:06 (32138 turns).

Svetislav95 the Warrior (Human Gladiator)          Turns: 32138, Time: 01:39:07

Health: -4/147     AC: 26    Str: 19    XL:     16   Next: 85%
Magic:  14/14      EV: 10    Int: 14    God:    Okawaru [******]
Gold:   2360       SH: 15    Dex: 33    Spells: 15/15 levels left

rFire   + . .      SeeInvis .   j - +7 demon blade (drain)
rCold   . . .      Faith    .   N - +0 kite shield
rNeg    . . .      Spirit   .   s - +6 chain mail of the Armadillo {rCorr Str-2 Int+2}
rPois   +          Reflect  .   v - +0 helmet
rElec   .          Harm     .   f - scarf {repulsion}
rCorr   +          Rampage  .   a - +2 pair of gloves {Dex+3}
Will    +....                   D - +2 pair of boots
Stlth   ..........              E - amulet of the acrobat
HPRegen 0.34/turn               m - ring "Naviemn" {rPois rF+ Str+3 Dex+3}
MPRegen 0.14/turn               y - ring "Ceke" {+Blink Int+3 Dex+6}

@: about to teleport, grasped by roots, hasted, constricted, studying Stealth,
repel missiles, very quick
A: hooves 1, low MP 1, strong 1
a: Renounce Religion, Evoke Blink, Heroism, Finesse, Duel


You were on level 4 of the Swamp.
You worshipped Okawaru.
Okawaru was exalted by your worship.
You visited 5 branches of the dungeon, and saw 25 of its levels.
You also visited: Bailey.

You collected 2600 gold pieces.
You spent 240 gold pieces at shops.

Inventory:

Hand Weapons
 j - a +7 demon blade of draining (weapon)
 P - the +8 falchion of Circularity {flame, rPois Str+7}
   (Okawaru gifted it to you on level 13 of the Dungeon)

   It burns those it strikes, dealing additional fire damage.
   Big, fiery blades are also staple armaments of hydra-hunters.
   Str:       It affects your strength (+7).
   rPois:     It protects you from poison.
Missiles
 K - 5 boomerangs (quivered)
 R - 3 throwing nets
 S - 4 javelins
Armour
 a - a +2 pair of gloves of dexterity (worn)
 f - a scarf of repulsion (worn)
 s - the +6 chain mail of the Armadillo (worn) {rCorr Str-2 Int+2}
   (Okawaru gifted it to you on level 10 of the Dungeon)

   Str:       It affects your strength (-2).
   Int:       It affects your intelligence (+2).
   rCorr:     It protects you from acid and corrosion.
 v - a +0 helmet (worn)
 D - a +2 pair of boots (worn)
 N - a +0 kite shield (worn)
Jewellery
 h - a +6 ring of dexterity
 m - the ring "Naviemn" (left hand) {rPois rF+ Str+3 Dex+3}
   (You found it on level 2 of the Lair of Beasts)

   [ring of protection from fire]

   Str:       It affects your strength (+3).
   Dex:       It affects your dexterity (+3).
   rF:        It protects you from fire.
   rPois:     It protects you from poison.
 y - the ring "Ceke" (right hand) {+Blink Int+3 Dex+6}
   (You acquired it on level 6 of the Dungeon)

   [ring of dexterity]

   Int:       It affects your intelligence (+3).
   Dex:       It affects your dexterity (+6).
   +Blink:    It lets you blink.
 C - a +4 ring of protection
 E - an amulet of the acrobat (around neck)
 T - a ring of see invisible
Wands
 c - a wand of mindburst (4)
 F - a wand of polymorph (11)
 G - a wand of iceblast (4)
 J - a wand of flame (47)
 M - a wand of light (15)
Scrolls
 b - 3 scrolls of fear
 g - a scroll of enchant armour
 l - 2 scrolls of poison
 n - a scroll of torment
 t - 6 scrolls of noise
 w - 5 scrolls of teleportation
 H - 6 scrolls of magic mapping
 I - 2 scrolls of silence
 L - 2 scrolls of identify
 O - a scroll of amnesia
 Q - a scroll of enchant weapon
Potions
 d - 2 potions of berserk rage {unknown}
 e - a potion of resistance {unknown}
 i - 5 potions of degeneration
 k - 4 potions of cancellation
 o - a potion of haste
 p - 9 potions of curing
 q - 5 potions of attraction
 u - 4 potions of might
 x - 3 potions of flight
 z - 3 potions of brilliance {unknown}
 A - 4 potions of magic {unknown}
 B - 3 potions of ambrosia {unknown}
Miscellaneous
 r - a lightning rod (4/4)


   Skills:
 * Level 19.4 Fighting
 + Level 2.4(11.2) Short Blades
 + Level 16.8 Long Blades
 + Level 4.0 Throwing
 + Level 11.6 Armour
 + Level 7.0 Dodging
 + Level 8.6 Shields
 + Level 3.3 Evocations


You had 15 spell levels left.
You didn't know any spells.
Your spell library contained the following spells:

 Spells                   Type           Power      Damage    Failure   Level
 Beastly Appendage        Tmut           0%         N/A       99%         1
 Necrotise                Necr           0%         1d4       99%         1
 Shock                    Conj/Air       0%         1d3       99%         1
 Sting                    Tmut/Pois      0%         1d3       99%         1
 Sublimation of Blood     Necr           0%         N/A       100%        2
 Wereblood                Tmut           0%         N/A       100%        2
 Gell's Gravitas          Tloc           0%         N/A       100%        3
 Portal Projectile        Hex/Tloc       0%         N/A       100%        3
 Spider Form              Tmut/Pois      0%         N/A       100%        3
 Swiftness                Air            0%         N/A       100%        3
 Vampiric Draining        Necr           0%         2d6       100%        3
 Airstrike                Air            0%         2d(0-16)  100%        4
 Anguish                  Hex/Necr       0%         N/A       100%        4
 Corpse Rot               Necr/Pois/Air  0%         N/A       100%        4
 Dispel Undead            Necr           0%         3d6       100%        4
 Leda's Liquefaction      Hex/Erth       0%         N/A       100%        4
 Agony                    Necr           0%         N/A       100%        5
 Lightning Bolt           Conj/Air       0%         1d11      100%        5
 Manifold Assault         Tloc           0%         N/A       100%        5
 Yara's Violent Unravell  Hex/Tmut       0%         3d3       100%        5
 Dispersal                Tloc           0%         N/A       100%        6
 Storm Form               Tmut/Air       0%         N/A       100%        7
 Disjunction              Tloc           0%         N/A       100%        8
 Maxwell's Capacitive Co  Air            0%         ∞         100%        8
 Call Canine Familiar     Summ           Unusable   N/A       N/A         3
 Summon Lightning Spire   Summ/Air       Unusable   N/A       N/A         4
 Death Channel            Necr           Unusable   N/A       N/A         6
 Summon Cactus Giant      Summ           Unusable   N/A       N/A         6

Dungeon Overview and Level Annotations

Branches:
Dungeon (13/15)            Temple (1/1) D:6            Lair (5/5) D:10
  Swamp (4/4) Lair:3       Spider (0/4) Lair:2        Slime (0/5) Lair:5
    Orc (2/2) D:10            Elf (0/3) Orc:2        Vaults (0/5) D:13
 Bailey (visited)

Altars:
Ashenzari
Cheibriados
Dithmenos
Elyvilon
Fedhas
Gozag
Hepliaklqana
Kikubaaqudgha
Makhleb
Nemelex Xobeh
Okawaru
Qazlal
Ru
Sif Muna
Trog
Uskayaw
Vehumet
Wu Jian
Xom
Yredelemnul
Zin
The Shining One
Jiyva

Shops:
D:4 *   D:5 (   D:6 (   D:13 ?   Orc:2 *[[*[

Annotations:
D:10 2 runed translucent doors, exclusion: obsidian statue
Swamp:4 Roxanne


Innate Abilities, Weirdness & Mutations

You have large cloven feet.
Your magical capacity is low. (-10% MP)
Your muscles are strong. (Str +4, Int/Dex -1)


Message History

The shambling mangrove is engulfed in freezing vapours.
You slash the ice dragon!
The ice dragon is severely wounded.
You block the ice dragon's attack. x2; The ice dragon closely misses you.
You slash the ice dragon! You drain the ice dragon!
You kill the ice dragon!
Okawaru accepts your kill.
A seven-headed hydra simulacrum comes into view.
You chop one of the eight-headed hydra simulacrum's heads off!
You hit the seven-headed hydra simulacrum.
The seven-headed hydra simulacrum is lightly damaged.
An ice dragon comes into view.
The shambling mangrove is engulfed in freezing vapours.
Roots burst forth from the earth!
The grasping roots grab you! The grasping roots constrict you!!
The ice dragon roars deafeningly!
You lop one of the seven-headed hydra simulacrum's heads off!
You slash the six-headed hydra simulacrum!
The six-headed hydra simulacrum is moderately damaged.
The six-headed hydra simulacrum bites you.
The six-headed hydra simulacrum freezes you!
The six-headed hydra simulacrum barely misses you.
The six-headed hydra simulacrum bites you but does no damage.
The six-headed hydra simulacrum bites you.
The six-headed hydra simulacrum freezes you!!
* * * LOW HITPOINT WARNING * * *
The six-headed hydra simulacrum misses you.
The six-headed hydra simulacrum bites you but does no damage.
As you read the scroll of teleportation, it crumbles to dust.
You feel strangely unstable.
The ice dragon is engulfed in freezing vapours.
The grasping roots constrict you!
* * * LOW HITPOINT WARNING * * *
You feel better.
You block the six-headed hydra simulacrum's attack.
The six-headed hydra simulacrum bites you.
* * * LOW HITPOINT WARNING * * *
The six-headed hydra simulacrum freezes you!!!
You die...

~♣ ♣♣.♣≈≈≈♣ ##..##
♣♣ ♣♣.♣♣♣≈≈≈♣##...#
♣♣ ♣.♣♣ ♣♣≈≈♣#..###
.♣♣♣.♣♣♣♣♣♣♣♣##..##
..♣♣♣.≈≈♣♣ #...#
~.~♣♣..≈≈♣♣ ##..#
..♣♣..≈≈≈≈♣ #..#
.[♣..≈≈≈≈♣♣ ##..#
≈≈.≈≈≈≈≈♣♣ #.@##
≈≈≈≈≈≈≈♣♣ #ZZ##
♣≈≈≈≈♣♣♣ #.. ♣♣♣♣♣♣
≈°.≈


DfZ≈. ○°.≈≈≈. °°☼☼≈≈≈ °○§☼≈≈≈ You could see a shambling mangrove, an ice dragon,
a seven-headed hydra simulacrum, a six-headed hydra simulacrum and a four-headed
hydra simulacrum.

Vanquished Creatures
  A fenstrider witch (Swamp:2)
  An orc warlord (D:10)
  The ghost of kalagan the Thaumaturge, a journeyman DECj of Sif Muna (Orc:2)
  The ghost of GeoRichter the Martial Artist, a journeyman DsFi of Gozag (Lair:5)
  3 eleionomae
  Snorg (D:13)
  An ettin (Orc:2)
  Fannar (Lair:1)
  Harold (Orc:1)
  3 boulder beetles
  2 ice dragons (Swamp:4)
  3 vault guards
  2 ghost crabs
  The ghost of jaiteiro the Skirmisher, a journeyman DrHu of Hepliaklqana (Lair:2)
  11 hydras
  4 alligators
  3 centaur warriors
  5 two-headed ogres
  4 catoblepae (Lair:5)
  7 death yaks (Lair:5)
  2 orc high priests (Orc:1)
  4 goliath frogs
  A spriggan druid (Swamp:2)
  5 swamp dragons
  Pikel (D:7)
  A necromancer (D:13)
  8 orc sorcerers (Orc:2)
  A deep elf pyromancer (D:13)
  3 cyclopes
  A will-o-the-wisp (Swamp:2)
  3 manticores
  2 ugly things
  A moth of wrath (Lair:2)
  12 elephants
  3 black mambas
  3 gargoyles
  An unseen horror (D:12)
  9 cane toads
  A yaktaur (D:13)
  3 kobold demonologists (D:11)
  3 rime drakes
  4 freezing wraiths (Swamp:4)
  4 komodo dragons
  6 tyrant leeches
  A tengu conjurer (D:13)
  9 trolls
  2 polar bears (Lair:5)
  A tarantella (Lair:2)
  3 hornets
  21 blink frogs
  Prince Ribbit (D:7)
  6 dream sheep (Lair:5)
  Sigmund (D:2)
  3 shadows
  24 humans
  4 spriggans
  3 wyverns
  53 yaks
  A vampire (D:13)
  6 basilisks
  2 wraiths
  3 steam dragons
  3 swamp worm simulacra (Swamp:4)
  Edmund (D:5)
  12 swamp worms
  16 vampire mosquitoes
  5 wargs
  7 hydra simulacra (Swamp:4)
  4 acid dragons
  11 water moccasins
  20 orc warriors
  An ice beast (D:5)
  3 black bears
  A sky beast (D:7)
  4 ogres
  32 wolves
  4 centaurs
  A lemure (D:7)
  23 bullfrogs
  3 kobold brigands
  3 gnoll sergeants
  2 scorpions
  10 wights
  4 killer bees (D:8)
  2 electric eels (D:10)
  A howler monkey (D:9)
  3 hounds
  Crazy Yiuf (D:4)
  9 orc priests
  3 jellies
  3 gnoll boudas
  3 iguanas
  5 hell rats (Lair:4)
  41 orc wizards
  28 gnolls
  7 adders
  An ufetubus (D:6)
  5 swamp drake simulacra (Swamp:4)
  2 worms
  8 dart slugs
  94 orcs
  4 ball pythons
  6 bats
  11 endoplasms
  3 giant cockroaches
  11 goblins
  15 hobgoblins
  7 jackals
  5 quokkas
  5 frilled lizards
  10 kobolds
  9 rats
754 creatures vanquished.

Vanquished Creatures (others)
  An alligator (Swamp:2)
  A spriggan (Swamp:4)
  A spriggan druid (Swamp:3)
  A swamp dragon (Swamp:4)
  3 bloated husks
  A hornet (Swamp:4)
  An orc (Orc:2)
  10 foxfires (Swamp:2)
  34 fungi
  42 plants
95 creatures vanquished.

Grand Total: 849 creatures vanquished

Notes
Turn   | Place    | Note
-------+----------+-------------------------------------------
     0 | D:1      | Svetislav95 the Human Gladiator began the quest for the
                  | Orb.
     0 | D:1      | Reached XP level 1. HP: 16/16 MP: 1/1
   296 | D:1      | Reached XP level 2. HP: 22/22 MP: 2/2
   675 | D:1      | Reached XP level 3. HP: 28/28 MP: 3/3
  1410 | D:2      | Reached XP level 4. HP: 18/34 MP: 4/4
  1762 | D:2      | Reached skill level 3 in Fighting
  1762 | D:2      | Reached XP level 5. HP: 41/41 MP: 5/5
  1849 | D:2      | Reached skill level 1 in Armour
  2066 | D:2      | Noticed Sigmund
  2075 | D:2      | Killed Sigmund
  2076 | D:2      | Reached XP level 6. HP: 35/47 MP: 6/6
  2342 | D:2      | Found a faded altar of an unknown god.
  2498 | D:2      | Reached skill level 5 in Long Blades
  3148 | D:3      | Found a glowing silver altar of Zin.
  3154 | D:3      | Reached XP level 7. HP: 53/53 MP: 7/7
  3692 | D:3      | Reached skill level 4 in Fighting
  3979 | D:4      | Found a snail-covered altar of Cheibriados.
  4081 | D:4      | Found a runed translucent door.
  4082 | D:4      | Noticed Crazy Yiuf
  4159 | D:4      | Found a sacrificial altar of Ru.
  4630 | D:4      | Found a broken altar of Ashenzari.
  4697 | D:4      | Found Ydago's Serpentskin Sales.
  5055 | D:4      | You fall into a shaft and drop 1 floor!
  5055 | D:5      | Entered Level 5 of the Dungeon
  5165 | D:5      | Reached XP level 8. HP: 43/61 MP: 8/8
  5285 | D:5      | Identified a scroll of acquirement
  5285 | D:5      | Acquired a +1 demon blade of draining
  5552 | D:4      | Killed Crazy Yiuf
  5799 | D:5      | Found Uvicarut's Weapon Boutique.
  6291 | D:5      | Noticed Edmund
  6304 | D:5      | Killed Edmund
  6305 | D:5      | Reached skill level 5 in Fighting
  7213 | D:6      | Acquired the ring "Ceke" {+Blink Int+3 Dex+6}
  7313 | D:6      | Found Tydgh's Antique Weapon Shoppe.
  7498 | D:6      | Found a staircase to the Ecumenical Temple.
  7507 | Temple   | Entered the Ecumenical Temple
  7700 | Temple   | Became a worshipper of Warmaster Okawaru
  7782 | D:6      | Reached XP level 9. HP: 68/68 MP: 9/9
  8048 | D:6      | Gained mutation: You are frail. (-10% HP) [potion of
                  | mutation]
  8121 | D:7      | Noticed Prince Ribbit
  8126 | D:7      | Killed Prince Ribbit
  8186 | D:7      | Reached skill level 6 in Fighting
  8239 | D:7      | Lost mutation: You are frail. (-10% HP) [potion of
                  | mutation]
  8239 | D:7      | Gained mutation: You occasionally lose the ability to read
                  | scrolls when taking damage. [potion of mutation]
  8239 | D:7      | Gained mutation: You expend magic power (3 MP) to
                  | strengthen your wands. [potion of mutation]
  8319 | D:7      | Found a basalt altar of Yredelemnul.
  8370 | D:7      | Found a flagged portal.
  8380 | Bailey   | Entered a bailey
  8442 | Bailey   | Reached * piety under Okawaru
  8480 | Bailey   | Reached skill level 7 in Fighting
  8495 | Bailey   | Reached ** piety under Okawaru
  8570 | Bailey   | Noticed a vault guard
  8570 | Bailey   | Noticed a blink frog
  8582 | Bailey   | Killed a blink frog
  8583 | Bailey   | Reached skill level 1 in Evocations
  8583 | Bailey   | Reached XP level 10. HP: 42/79 MP: 4/10
  8595 | Bailey   | Killed a vault guard
  8596 | Bailey   | Reached skill level 10 in Long Blades
  8596 | Bailey   | Reached skill level 5 in Armour
  8658 | Bailey   | Lost mutation: You expend magic power (3 MP) to strengthen
                  | your wands. [potion of mutation]
  8658 | Bailey   | Lost mutation: You occasionally lose the ability to read
                  | scrolls when taking damage. [potion of mutation]
  8658 | Bailey   | Gained mutation: You have large cloven feet. [potion of
                  | mutation]
  8658 | Bailey   | Gained mutation: Your muscles are strong. (Str +4, Int/Dex
                  | -1) [potion of mutation]
  8783 | Bailey   | Noticed a vault guard
  8793 | Bailey   | Killed a vault guard
  8793 | Bailey   | Reached *** piety under Okawaru
  8794 | Bailey   | Reached skill level 8 in Fighting
  9923 | D:8      | Noticed Pikel
  9923 | D:8      | Noticed a brown ugly thing
  9945 | D:7      | Killed a brown ugly thing
  9945 | D:7      | Reached **** piety under Okawaru
  9947 | D:7      | Killed Pikel
  9948 | D:7      | Reached XP level 11. HP: 57/87 MP: 11/11
 10228 | D:8      | Noticed a two-headed ogre
 10235 | D:8      | Killed a two-headed ogre
 10236 | D:8      | Reached skill level 9 in Fighting
 10403 | D:8      | Noticed a centaur warrior
 10414 | D:8      | Killed a centaur warrior
 10840 | D:8      | Received a gift from Okawaru
 11147 | D:9      | Acquired a manual of Fighting
 11618 | D:9      | Reached ***** piety under Okawaru
 11625 | D:9      | Reached skill level 10 in Fighting
 12000 | D:10     | Entered Level 10 of the Dungeon
 12070 | D:10     | Reached skill level 11 in Fighting
 12087 | D:10     | Found a staircase to the Lair.
 12404 | D:10     | Found a staircase to the Orcish Mines.
 12459 | D:10     | Found a runed translucent door.
 12982 | D:10     | Found a runed translucent door.
 13004 | D:10     | Found a runed translucent door.
 13033 | D:10     | Noticed an obsidian statue
 13076 | D:10     | Noticed a two-headed ogre
 13077 | D:10     | Found a runed translucent door.
 13083 | D:10     | Killed a two-headed ogre
 13083 | D:10     | Identified the +6 chain mail of the Armadillo {rCorr Str-2
                  | Int+2} (Okawaru gifted it to you on level 10 of the
                  | Dungeon)
 13083 | D:10     | Received a gift from Okawaru
 13084 | D:10     | Reached XP level 12. HP: 89/101 MP: 12/12
 13160 | D:10     | Gained mutation: Your magical capacity is low. (-10% MP) [a
                  | neqoxec]
 13260 | D:10     | Found a blossoming altar of Fedhas.
 13419 | D:11     | Reached skill level 12 in Fighting
 13554 | D:11     | Noticed a boulder beetle
 13558 | D:11     | Noticed a five-headed hydra
 13574 | D:10     | Killed a boulder beetle
 13601 | D:10     | Killed a five-headed hydra
 13788 | D:11     | Noticed a two-headed ogre
 13797 | D:11     | Reached skill level 13 in Fighting
 13797 | D:11     | Reached skill level 1 in Short Blades
 13802 | D:11     | Reached skill level 5 in Dodging
 13809 | D:11     | Killed a two-headed ogre
 13881 | D:11     | Noticed a two-headed ogre
 13887 | D:11     | Killed a two-headed ogre
 14027 | D:11     | Identified the +3 great sword "Xeikkaur" {holy, rElec rCorr
                  | Int+3} (Okawaru gifted it to you on level 11 of the
                  | Dungeon)
 14027 | D:11     | Received a gift from Okawaru
 14884 | D:12     | Noticed a centaur warrior
 14885 | D:12     | Noticed a two-headed ogre
 14890 | D:12     | Killed a centaur warrior
 14891 | D:12     | Reached skill level 14 in Fighting
 14891 | D:12     | Reached XP level 13. HP: 106/113 MP: 11/11
 15797 | D:13     | Noticed a centaur warrior
 15802 | D:13     | Killed a centaur warrior
 15998 | D:13     | Noticed a boulder beetle
 16020 | D:13     | Killed a boulder beetle
 16020 | D:13     | Identified the +8 falchion of Circularity {flame, rPois
                  | Str+7} (Okawaru gifted it to you on level 13 of the
                  | Dungeon)
 16020 | D:13     | Received a gift from Okawaru
 16215 | D:13     | Noticed Snorg
 16225 | D:13     | Killed Snorg
 16226 | D:13     | Reached skill level 15 in Fighting
 16932 | D:13     | Found Kaizxos's Magic Scroll Emporium.
 17034 | D:13     | Noticed a vault guard
 17060 | D:13     | Killed a vault guard
 17073 | D:13     | Received a gift from Okawaru
 17086 | D:13     | Reached ****** piety under Okawaru
 17440 | D:13     | Found a gate to the Vaults.
 17506 | D:13     | Received a gift from Okawaru
 17653 | Orc:1    | Entered Level 1 of the Orcish Mines
 17696 | Orc:1    | Reached skill level 16 in Fighting
 17869 | Orc:1    | You fall into a shaft and drop 1 floor!
 17869 | Orc:2    | Entered Level 2 of the Orcish Mines
 17870 | Orc:2    | Found a staircase to the Elven Halls.
 17870 | Orc:2    | Noticed an orc warlord
 17904 | Orc:1    | Reached skill level 15 in Long Blades
 18662 | D:10     | Killed an orc warlord
 18663 | D:10     | Reached skill level 1 in Shields
 19029 | Orc:2    | Reached XP level 14. HP: 124/125 MP: 12/12
 19405 | Orc:2    | Received a gift from Okawaru
 19813 | Orc:2    | Found Buyf Lico's Antique Armour Shoppe.
 20203 | Orc:2    | Found Bach's Armour Boutique.
 20203 | Orc:2    | Found Sacleod's Assorted Antiques.
 20218 | Orc:2    | Bought a heavily runed bone ring for 200 gold pieces
 20218 | Orc:2    | Identified the ring "Enalogru" {Ice Dex+3} (You bought it
                  | in a shop on level 2 of the Orcish Mines)
 20218 | Orc:2    | Bought a scroll labelled VAREEWKY PIPPE for 40 gold pieces
 20245 | Orc:2    | Found Fuxyciz's Armour Boutique.
 20245 | Orc:2    | Found Refikhlo's Assorted Antiques.
 20376 | Orc:1    | Found a runed translucent gate.
 20376 | Orc:1    | Found a runed translucent gate.
 20376 | Orc:1    | Found a runed translucent gate.
 20376 | Orc:1    | Noticed Harold
 20386 | Orc:1    | Killed Harold
 20471 | Orc:1    | Noticed kalagan's ghost (journeyman DECj)
 21054 | Orc:2    | Killed kalagan's ghost
 21417 | Lair:1   | Entered Level 1 of the Lair of Beasts
 21610 | Lair:1   | Reached skill level 17 in Fighting
 21814 | Lair:1   | Noticed Fannar
 21829 | Lair:1   | Killed Fannar
 22360 | Lair:1   | Got Ymmuqufu's Octavo of Morbid Shifting
 22823 | Lair:2   | Found a transporter.
 22826 | Lair:2   | Noticed jaiteiro's ghost (journeyman DrHu)
 22866 | Lair:2   | Found a transporter.
 22875 | Lair:2   | Reached skill level 10 in Armour
 23446 | Lair:2   | Found a hole to the Spider Nest.
 23860 | Lair:3   | Reached skill level 5 in Shields
 23880 | Lair:3   | Identified the +0 buckler of Poke Lug {Int+4} (Okawaru
                  | gifted it to you on level 3 of the Lair of Beasts)
 23880 | Lair:3   | Received a gift from Okawaru
 24069 | Lair:3   | You fall into a shaft and drop 2 floors!
 24069 | Lair:5   | Entered Level 5 of the Lair of Beasts
 24200 | Lair:5   | Found a runed translucent gate.
 24201 | Lair:5   | Found a runed translucent gate.
 24201 | Lair:5   | Noticed GeoRichter's ghost (journeyman DsFi)
 24223 | Lair:5   | Reached XP level 15. HP: 133/134 MP: 13/13
 24486 | Lair:5   | Found a runed translucent gate.
 24839 | Lair:5   | Reached skill level 18 in Fighting
 25193 | Lair:5   | Received a gift from Okawaru
 25725 | Lair:5   | Found a viscous altar of Jiyva.
 25725 | Lair:5   | Found a staircase to the Slime Pits.
 25802 | Lair:5   | Identified the +7 dagger of Symmetry {flame, Str+3 Dex+3}
                  | (Okawaru gifted it to you on level 5 of the Lair of Beasts)
 25802 | Lair:5   | Received a gift from Okawaru
 26358 | Lair:5   | Killed GeoRichter's ghost
 26769 | Lair:4   | Found a shimmering blue altar of Sif Muna.
 27399 | Lair:3   | Found a staircase to the Swamp.
 27473 | Lair:3   | Reached XP level 16. HP: 139/145 MP: 14/14
 27828 | Lair:3   | Received a gift from Okawaru
 28177 | Lair:2   | Identified the ring "Naviemn" {rPois rF+ Str+3 Dex+3}
 28210 | Lair:2   | Killed jaiteiro's ghost
 28227 | Lair:2   | Got Rogh's Guidebook on Productive Evolution
 28617 | Swamp:1  | Entered Level 1 of the Swamp
 28991 | Swamp:1  | Identified the +8 quarterstaff "Yrosko" {freeze, rCorr
                  | Int+2 Stlth+}
 29558 | Swamp:2  | Reached skill level 19 in Fighting
 29569 | Swamp:2  | Received a gift from Okawaru
 29918 | Swamp:2  | Found a bloodstained altar of Trog.
 29970 | Swamp:2  | Noticed a fenstrider witch
 29980 | Swamp:2  | Killed a fenstrider witch
 30637 | Swamp:3  | Received a gift from Okawaru
 31277 | Swamp:3  | Found a bloodstained altar of Trog.
 31312 | Swamp:4  | Entered Level 4 of the Swamp
 31324 | Swamp:4  | Identified Roxanne's Octavo of Shapes
 31324 | Swamp:4  | Noticed Roxanne
 32138 | Swamp:4  | Slain by a six-headed hydra simulacrum

Illustrated notes

Levels and vault maps discovered:
D:1:      dpeg_arrival_three_bigger_balls, layout_basic
D:2:      layout_loops_ring, shapermc_ecumenical_altar_mp_highgroup,
          uniq_sigmund
D:3:      layout_basic, lemuel_round_altar, nicolae_kite_square_tiling_tiny
D:4:      layout_gridville, lemuel_doored_altar, kennysheep_slug_shrine,
          nicolae_ru_sacrificial_ziggurat, chequers_hall_statues_corner_a,
          guppyfry_shop_venom, uniq_crazy_yiuf_cottage
D:5:      layout_layer_cave, serial_shops, shop_statue, kennysheep_path_1,
          uniq_edmund
D:6:      layout_cave_pools, minmay_temple_entry_large_hall, serial_shops, shop
D:7:      layout_loops_ring, mainiacjoe_overflow_catwalk, enter_bailey_6,
          uniq_prince_ribbit1
D:8:      layout_cave_pools, minmay_chambers_of_fives, uniq_pikel
D:9:      layout_long_grid, nicolae_straight_to_the_point
D:10:     layout_basic, fedhas_altar_4, erik_lair_island, orc_0_dummy,
          minmay_statue_crystal_thing
D:11:     layout_rooms
D:12:     layout_stronghold
D:13:     layout_loops_ring, grunt_vaults_entry_tiered, serial_shops,
          nicolae_shop_temple_entry_statues_fountains,
          nicolae_concentric_dashed_squares_mild, uniq_snorg
Temple:   nicolae_temple_elliptical
Lair:1:   layout_small_grid, grunt_forest_stairs_basic, serial_bayou_shore_b,
          uniq_fannar
Lair:2:   layout_roguey, spider_nest_entry_rubble,
          gammafunk_ghost_berserking_beasts, grunt_forest_large_clearings
Lair:3:   layout_cellular_growth, swamp_mist
Lair:4:   layout_loops_ring, basic_altar
Lair:5:   evilmike_catoblepas_cave, layout_regular_city,
          dpeg_slime_entry_enclosed, gammafunk_ghost_split, columned_hall_lemuel
Swamp:1:  layout_basic_swamp, nicolae_swamp_dense_foliage
Swamp:2:  layout_basic_swamp, basic_altar, swamp_pool1,
          nicolae_swamp_alligator_family, infiniplex_staircase_pool
Swamp:3:  layout_basic_swamp, nicolae_swamp_godswood
Swamp:4:  swamp_icy, layout_basic_swamp, swamp_pool4, uniq_mara, uniq_roxanne
Orc:1:    layout_caves, gammafunk_ghost_split, uniq_harold
Orc:2:    st_orc_town, layout_caves, serial_shops, nicolae_shop_stone

Skill      XL: |  1  2  3  4  5  6  7  8  9 10 11 12 13 14 15 16 |
---------------+-------------------------------------------------+-----
Fighting       | 3 4 5 7 8 11 14 16 17 18 19 | 19.4
Long Blades    | 4 5 6 7 9 11 12 13 15 16 | 16.8
Armour         | 1 2 3 4 6 7 8 9 10 11 | 11.6
Dodging        | 4 5 6 7 |  7.0
Evocations     | 1 2 3 |  3.3
Short Blades   | 2 |  2.4
Shields        | 1 5 6 8 |  8.6
Throwing       | 3 4 |  4.0

Action                   |  1- 3 |  4- 6 |  7- 9 | 10-12 | 13-15 | 16-18 || total
-------------------------+-------+-------+-------+-------+-------+-------++-------
Melee: Long sword        |    89 |   127 |    55 |       |       |       ||   271
       Punch             |     1 |     2 |     4 |    10 |       |       ||    17
       Great sword       |       |       |    86 |    28 |   193 |       ||   307
       Demon blade       |       |       |   141 |   403 |   986 |   357 ||  1887
       Short sword       |       |       |       |    20 |       |       ||    20
       Falchion          |       |       |       |       |    16 |    36 ||    52
Throw: Throwing net      |     4 |     3 |       |       |     5 |    11 ||    23
       Javelin           |       |     3 |     2 |       |     2 |    14 ||    21
       Boomerang         |       |       |    10 |    22 |     3 |    21 ||    56
Invok: Heroism           |       |       |       |       |     2 |     1 ||     3
 Abil: Evoke Blink       |       |       |     1 |     3 |     5 |       ||     9
Evoke: Wand              |       |       |     8 |     9 |     5 |     2 ||    24
       Lightning rod     |       |       |       |     1 |     8 |       ||     9
  Use: Scroll            |       |     4 |     9 |    14 |    14 |     4 ||    45
       Potion            |       |     1 |     3 |     3 |     4 |     6 ||    17
 Stab: Held in net/web   |     2 |       |       |       |     1 |       ||     3
       Distracted        |     1 |       |       |       |       |       ||     1
       Sleeping          |       |     1 |       |       |       |       ||     1
Armor: Leather armour    |    27 |    29 |    43 |       |       |       ||    99
       Skin              |       |    12 |       |     8 |       |       ||    20
       Chain mail        |       |       |    53 |   164 |   747 |   250 ||  1214
       Plate armour      |       |       |    39 |   198 |       |       ||   237
Dodge: Dodged            |    71 |    81 |   177 |   252 |   522 |   218 ||  1321
       Repelled          |       |       |       |       |       |     4 ||     4
Block: Kite shield       |       |       |       |       |   515 |   314 ||   829
